[Event "Fast Chess"]
[Site "ChessKid.com"]
[Date "2020.04.26"]
[Round "3"]
[White "Horvath, Alexander"]
[Black "Dai, Lana"]
[Result "0-1"]
[ECO "C55"]
[WhiteElo "1314"]
[BlackElo "1268"]
[Annotator "einzügiger Einsteller"]
[PlyCount "154"]
[EventDate "2020.??.??"]
[TimeControl "300+10"]
[WhiteClock "0:01:22"]
[BlackClock "0:01:23"]

1. e4 e5 2. Nf3 Nc6 3. Nc3 Nf6 4. Bc4 h6 5. d3 a6 6. a3 b5 7. Ba2 b4 8. axb4 Nxb4 9. h3 Nxa2 10. Rxa2 Bb4 11. O-O Bxc3 12. bxc3 d6 13. Nh2 Be6 14. Qf3 $4 Bxa2 15. Qg3 O-O 16. Bxh6 g6 17. Bxf8 Kxf8 18. Qh4 Ng8 19. Qxd8+ Rxd8 20. Ra1 Be6 21. Rxa6 Nh6 22. Ra7 c5 23. g3 Bxh3 24. f3 d5 25. exd5 Rxd5 26. Ra8+ Kg7 27. c4 Rd4 28. Ra5 f5 29. Rxc5 e4 30. fxe4 fxe4 31. dxe4 Rxe4 32. Rc7+ Kf6 33. c5 Re1+ 34. Kf2 Rh1 35. Nf3 Bg2 36. c6 Bxf3 37. Kxf3 Rf1+ 38. Kg2 Rc1 39. Ra7 Rxc2+ 40. Kf3 Rc3+ 41. Ke4 Rc4+ 42. Kd5 Rc3 43. Kd6 Nf7+ 44. Kd7 Ne5+ 45. Kd6 Rxc6+ 46. Kd5 Nf3 47. Kxc6 Ne5+ 48. Kd5 g5 49. Ra6+ Kf5 50. Ra1 Nf3 51. Rf1 Kg4 52. Ke4 Nd2+ 53. Ke3 Nxf1+ 54. Kf2 Nxg3 55. Kg2 Ne4 56. Kg1 Kh3 57. Kh1 g4 58. Kg1 g3 59. Kh1 Nf2+ 60. Kg1 Nd3 61. Kh1 Nf4 62. Kg1 g2 63. Kf2 Kh2 64. Kf3 g1=Q 65. Kxf4 Qe1 66. Kf3 Kh3 67. Kf4 Kg2 68. Kg4 Qf2 69. Kg5 Kf1 70. Kg4 Ke2 71. Kg5 Ke3 72. Kg4 Qf3+ 73. Kg5 Ke4 74. Kh4 Qg2 75. Kh5 Kf5 76. Kh6 Kf6 77. Kh7 Qg7# {[%emt 0:00:
13] TopBrownCave won by checkmate} 0-1

[Event "Fast Chess"]
[Site "ChessKid.com"]
[Date "2020.04.26"]
[Round "1"]
[White "Georgiev, Maximilian"]
[Black "Horvath, Alexander"]
[Result "1-0"]
[ECO "A20"]
[WhiteElo "1407"]
[BlackElo "1307"]
[PlyCount "83"]
[EventDate "2020.??.??"]
[TimeControl "180"]
[WhiteClock "0:00:01"]
[BlackClock "0:00:51"]

1. c4 e5 2. g3 Nc6 3. Bg2 Nf6 4. e3 Bc5 5. Ne2 e4 6. O-O d6 7. Nbc3 Be6 8.
Nxe4 Nxe4 9. Bxe4 Bxc4 10. b3 Bxe2 11. Qxe2 O-O 12. Qh5 g6 13. Qh6 d5 14. Bc2 Qf6 15. d4 $2 Bb6 16. a4 a6 17. a5 Bxa5 18. Bb2 Bb6 19. Kg2 Nb4 20. Bd1 Nd3 21. Bc1 Nxc1 22. Rxc1 Qe6 23. Bf3 c6 24. Qh4 Bd8 25. Qg4 Qxg4 26. Bxg4 Bg5 27. Rc5 Be7 28. Rc2 Bf6 29. f4 Bg7 30. Re1 Rfe8 31. Rce2 Re7 32. e4 Rae8 33. e5 Bh8 34. b4 b6 35. Re3 a5 36. bxa5 bxa5 37. Ra3 Ra7 38.
Re2 Rea8 39. Ra4 Bg7 40. f5 Kh8 41. fxg6 Bf8 42. gxf7 {[%emt 0:00:01] TallSnazzyBall won on
time} 1-0

[Event "Fast Chess"]
[Site "ChessKid.com"]
[Date "2020.04.26"]
[Round "1"]
[White "Li, Patrick"]
[Black "Li, Tobias"]
[Result "0-1"]
[ECO "C50"]
[WhiteElo "1099"]
[BlackElo "1365"]
[PlyCount "63"]
[EventDate "2020.??.??"]
[TimeControl "180"]
[WhiteClock "0:00:52"]
[BlackClock "0:00:06"]

1. e4 e5 2. Nf3 Nc6 3. Nc3 Bc5 4. Bc4 Nf6 5. O-O O-O 6. h3 d6 7. d3 h6 8. a3 a6 9. b4 Bd4 10. Nxd4 exd4 11. Nd5 Nxd5 12. Bxd5 Bd7 13. Qf3 Qe8 14. Qg3 Qe5 15. f4 Qf6 16. f5 Rfe8 17. Qf3 Ne5 18. Qh5 c6 19. Ba2 d5 20. Bf4 dxe4 21. Bxe5 Rxe5 22. dxe4 Rxe4 23. Rae1 Rxe1 24. Rxe1 Qxf5 25. Qh4 Re8 26. Rf1 Qe5 27. Bxf7+ Kf8 28. Bxe8+ Kg8 29. Bxd7 Qe3+ 30. Rf2 Qe1+ 31. Rf1 Qxh4 32. Kh2 {[%emt 0:00:08] OnlyHungryKiwi won by resignation
} 0-1

[Event "Fast Chess"]
[Site "ChessKid.com"]
[Date "2020.04.26"]
[Round "2"]
[White "Li, Tobias"]
[Black "Georgiev, Maximilian"]
[Result "0-1"]
[ECO "A30"]
[WhiteElo "1358"]
[BlackElo "1414"]
[PlyCount "50"]
[EventDate "2020.??.??"]
[TimeControl "180"]
[WhiteClock "0:01:50"]
[BlackClock "0:00:45"]

1. e4 c5 2. Nf3 g6 3. c4 Bg7 4. Nc3 e6 5. d3 Ne7 6. Bd2 O-O 7. Be2 Nbc6 8.
O-O d6 9. Re1 b6 10. b3 e5 11. Rc1 Re8 12. Qc2 Qc7 13. h3 Qb7 14. Qb2 Nd4 15. Nxd4 exd4 16. Nd1 Bd7 17. Bf3 Qc7 18. e5 Rab8 19. exd6 Qxd6 20. Bg5 Nc6 21. Rxe8+ Rxe8 22. Kf1 Qh2 23. g4 Bc8 24. Bxc6 Qxh3+ 25. Kg1 Re1# {[%emt 0:00:04] TallSnazzyBall won by
checkmate} 0-1

[Event "Fast Chess"]
[Site "ChessKid.com"]
[Date "2020.04.26"]
[Round "2"]
[White "Horvath, Alexander"]
[Black "Li, Patrick"]
[Result "1-0"]
[ECO "C55"]
[WhiteElo "1311"]
[BlackElo "1095"]
[PlyCount "59"]
[EventDate "2020.??.??"]
[TimeControl "180"]
[WhiteClock "0:00:03"]
[BlackClock "0:00:30"]

1. e4 e5 2. Nf3 Nc6 3. Nc3 Nf6 4. Bc4 Bc5 5. Ng5 O-O 6.
Nxf7 Rxf7 7. Bxf7+ Kxf7 8. d3 Nd4 9. Be3 Ng4 10. Qxg4 d5 11.
Qh5+ Kg8 12. exd5 Nxc2+ 13. Kf1 Nxa1 14. g3 Bxe3 15. fxe3 Bd7 16. Kg2 Nc2 17. d4 Be8 18. Qxe5 Nb4 19. Rf1 Bf7 20. d6 cxd6 21. Qf4 Bd5+ 22. Kg1 Bc4 23. Rf3 Ba6 24. d5 Qf8 25. Qg4 Nxa2 26. Rxf8+ Rxf8 27. Nxa2 Rf1+ 28. Kg2 Rf6 29. Nb4 Rg6 30. Qc8+ {[%emt 0:00:04] KeenOrangeTeeth
won on time} 1-0

[Event "Fast Chess"]
[Site "ChessKid.com"]
[Date "2020.04.26"]
[Round "3"]
[White "Georgiev, Maximilian"]
[Black "Li, Patrick"]
[Result "1-0"]
[ECO "A25"]
[WhiteElo "1416"]
[BlackElo "1093"]
[PlyCount "53"]
[EventDate "2020.??.??"]
[TimeControl "180"]
[WhiteClock "0:00:06"]
[BlackClock "0:01:03"]

1. c4 e5 2. g3 Nf6 3. Bg2 d6 4. Nc3 Nc6 5. e3 d5 6. cxd5 Nxd5 7. Nxd5 Be6 8.
Nc3 Bf5 9. Nge2 Nb4 10. O-O Bc2 11. Qe1 Qd3 12. Bxb7 Rb8 13.
Be4 Qd6 14. Bg2 Bd3 15. Qd1 Qa6 16. Re1 Nc2 17. Nd5 Nxa1 18.
Nxc7+ Kd7 19. Nxa6 Bc2 20. Nxb8+ Kc8 21. Qxc2+ Nxc2 22. Rd1 Kxb8 23. a3 Bc5 24. Be4 Rc8 25. Bxc2 Bd6 26. Bf5 Rc2 27. d4 {[%emt 0:00:06] TallSnazzyBall won
on time} 1-0

[Event "Fast Chess"]
[Site "ChessKid.com"]
[Date "2020.04.26"]
[Round "3"]
[White "Horvath, Alexander"]
[Black "Li, Tobias"]
[Result "0-1"]
[ECO "C50"]
[WhiteElo "1304"]
[BlackElo "1365"]
[Annotator "Strategie ungl. 00; Abzug"]
[PlyCount "58"]
[EventDate "2020.??.??"]
[TimeControl "180"]
[WhiteClock "0:01:13"]
[BlackClock "0:01:29"]

1. e4 e5 2. Nf3 Nc6 3. Nc3 Nf6 4. Bc4 Bc5 5. d3 O-O 6. Bg5 h6 7. Bh4 d6 8. Nd5 Bg4 9. Nxf6+ gxf6 10. h3 Bh5 11. g4 Bg6 12. Qe2 Nd4 13.
Nxd4 Bxd4 14. c3 Bb6 15. O-O-O Re8 16. Kb1 a6 17. Qf3 Ba7 18. Bxf6 Qd7 19. d4 $4 exd4 20. Bxd4 Bxd4 21. cxd4 Bxe4+ 22. Qxe4 Rxe4 23. Bd3 Rxd4 24. Bh7+ Kxh7 25. Rxd4 Qc6 26. Rhd1 Re8 27. h4 Re2 28. g5 Qc2+ 29. Ka1 Qxb2# {[%emt 0:00:01] OnlyHungryKiwi won by checkmate} 0-1

[Event "Fast Chess"]
[Site "ChessKid.com"]
[Date "2020.04.27"]
[Round "1"]
[White "Georgiev, Maximilian"]
[Black "Dai, Lana"]
[Result "0-1"]
[ECO "A25"]
[WhiteElo "1417"]
[BlackElo "1278"]
[Annotator "Mattsetzen - Schwarz setzt Matt in 1"]
[PlyCount "42"]
[EventDate "2020.??.??"]
[TimeControl "900"]
[WhiteClock "0:11:51"]
[BlackClock "0:13:39"]

1. c4 e5 2. g3 Nc6 3. Bg2 Nf6 4. Nc3 Bc5 5. e3 d6 6. Nge2 Bg4 7. O-O O-O 8. d3 a6 9. f3 Be6 10. Kh1 Qd7 11. e4 Bh3 12. Bg5 Bxg2+ 13. Kxg2 Nh5 14. Kh1 $4 Qh3 15. Ng1 $4 Bxg1 $4 16. Kxg1 f6 17. Bc1 Nd4 18. Be3 f5 19. Ne2 fxe4 20. dxe4 Nxf3+ 21. Kh1 Qxh2# {[%emt 0:00:02] TopBrownCave won by checkmate} 0-1

[Event "Fast Chess"]
[Site "ChessKid.com"]
[Date "2020.04.27"]
[Round "1"]
[White "Li, Patrick"]
[Black "Li, Tobias"]
[Result "0-1"]
[ECO "C50"]
[WhiteElo "1090"]
[BlackElo "1332"]
[PlyCount "36"]
[EventDate "2020.??.??"]
[TimeControl "900"]
[WhiteClock "0:14:06"]
[BlackClock "0:12:58"]

1. e4 e5 2. Nf3 Nc6 3. Nc3 Bc5 4. Bc4 Nf6 5. O-O O-O 6. d3 h6 7. b3 d6 8. d4 exd4 9. Nxd4 Bxd4 10. Nd5 Bxa1 11. Nxf6+ Bxf6 12. Qf3 Bg5 13. Bxg5 Qxg5 14. Bd3 Qg6 15. e5 Nxe5 16. Qe3 Nxd3 17. Qxd3 Qxd3 18. cxd3 Bf5 {[%emt 0:00:00] OnlyHungryKiwi won by
resignation} 0-1

[Event "Fast Chess"]
[Site "ChessKid.com"]
[Date "2020.04.27"]
[Round "2"]
[White "Li, Tobias"]
[Black "Dai, Lana"]
[Result "0-1"]
[ECO "C55"]
[WhiteElo "1323"]
[BlackElo "1288"]
[Annotator "Doppelangriff"]
[PlyCount "100"]
[EventDate "2020.??.??"]
[TimeControl "900"]
[WhiteClock "0:08:50"]
[BlackClock "0:11:06"]

1. e4 e5 2. Nf3 Nc6 3. Nc3 Nf6 4. Bc4 h6 5. O-O Bc5 6. h3 O-O 7. a3 a6 8. b4 Bd4 9. Bb2 b5 10. Bd5 Nxd5 11. exd5 Bxc3 12. Bxc3 e4 13. dxc6 exf3 14. cxd7 fxg2 15. Kxg2 Qxd7 16. Qf3 c5 $3 17. Qxa8 $2 Bb7+ $1 18. Qxb7 Qxb7+ 19. Kg1 Qf3 20. Kh2 Qf4+ 21. Kg2 Qg5+ 22. Kh2 cxb4 23. axb4 Ra8 $5 24. Ra5
$2 Qf4+ 25. Kg2 Qe4+ 26. Kh2 Qxc2 27. Rg1 g6 28. Rf1 Qd3 29. Re1 Qd6+ 30. Kg2 Qd5+ 31. Kh2 Qf3 32. Rf1 Qf4+ 33. Kg2 h5 34. Rfa1 Qe4+ 35. Kh2 Qf4+ 36. Kg2 Qd6 37. Kg1 Qe6 38. Kg2 g5 39. Kh2 g4 40. h4 Qd6+ 41. Kg2 Qd5+ 42. Kh2 Qd8 43. Kg3 Qc7+ 44. Kg2 Qc6+ 45. Kg3 Qf3+ 46. Kh2 Qxf2+ 47. Kh1 Qf3+ 48. Kh2 g3+ 49. Kg1 Qf2+ 50. Kh1 Qh2# {[%emt 0:00:03] TopBrownCave won by checkmate} 0-1

[Event "Fast Chess"]
[Site "ChessKid.com"]
[Date "2020.04.27"]
[Round "3"]
[White "Dai, Lana"]
[Black "Li, Patrick"]
[Result "0-1"]
[ECO "C55"]
[WhiteElo "1277"]
[BlackElo "1103"]
[Annotator "Doppelangriff"]
[PlyCount "46"]
[EventDate "2020.??.??"]
[TimeControl "900"]
[WhiteClock "0:12:31"]
[BlackClock "0:12:08"]

1. e4 e5 2. Nf3 Nc6 3. Nc3 Nf6 4. Bc4 Bc5 5. h3 h6 6. a3 a6 7. d3 b5 8. b4 bxc4 9. bxc5 cxd3 10. Qxd3 O-O 11. Nh4 Qe7 12. Qg3 Qxc5 13. O-O Qe7 $4 14. Bxh6 $4 Nh5 15. Qg4 Qf6 16. Nd5 Qxh6 17. Ne7+ Nxe7 18. Rae1 d5 19. exd5 Bxg4 20. hxg4 Nf6 21. Nf5 Nxf5 22. gxf5 Ng4 23. f3 Qh2# {[%emt 0:00:08] WideClassyQuiz won by
checkmate} 0-1

[Event "Fast Chess"]
[Site "ChessKid.com"]
[Date "2020.04.27"]
[Round "1"]
[White "Georgiev, Maximilian"]
[Black "Rosenkranz, Benjamin"]
[Result "1-0"]
[ECO "A20"]
[WhiteElo "1406"]
[BlackElo "1159"]
[Annotator "Mattsetzen, Fesselung"]
[PlyCount "137"]
[EventDate "2020.??.??"]
[TimeControl "600"]
[WhiteClock "0:01:08"]
[BlackClock "0:03:09"]

1. c4 e5 2. g3 Nc6 3. Bg2 Bc5 4. e3 Nf6 5. Ne2 O-O 6. O-O d6 7. f3 Nh5 8. d3 Qg5 9. d4 Bb6 10. d5 Ne7 11. f4 Qg4 12. fxe5 dxe5 13. Bf3 Qg6 14. Bxh5 Qxh5 15. Nbc3 Qh6 16. Rf3 Qh3 17. Kh1 Bg4 18. Rf2 Nf5 19. Ng1 $4 Bxd1 $4 20. Nxh3 Nxe3 21. Bxe3 Bxe3 22. Rf1 Bg4 23. Rfe1 Bd4 24. Ng1 Rae8 25. a3 f5 26. Rac1 Bf2 27. Rf1 Be3 28. Rce1 Bd4 29. Nge2 Be3 30. Nd1 Bc5 31. Nec3 Bh3 32. Rf3 Bg4 33. Rd3 b6 34. Ne3 Bh5 35. Rf1 f4 36. gxf4 exf4 37. Nc2 Rd8 38. b4 Be3 39. Nxe3 fxe3 40. Rxf8+ Rxf8 41. Rxe3 Rf1+ 42. Kg2 Rf8 43. a4 Rf4 44. Re4 Rf3 45. Ne2 Rf8 46. Nf4 Bg4 47. Kg3 Bd1 48. a5 Bc2 49. Re2 Ba4 50. axb6 axb6 51. Rd2 Bb3 52. c5 bxc5 53. bxc5 Re8 54. d6 cxd6 55. cxd6 Rd8 56. Ne6 Bxe6 57. Kf4 Bf7 58. Ke5 g6 59. Kf6 Rd7 60. h4 h6 61. Rd4 g5 62. hxg5 hxg5 63.
Kxg5 Ba2 64. Kf6 Kf8 65. Ra4 Rxd6+ 66. Ke5 Rd2 67. Kf6 Bb3 68. Ra8+ Rd8 69. Rxd8# {[%emt 0:00:01]
TallSnazzyBall won by checkmate} 1-0

[Event "Fast Chess"]
[Site "ChessKid.com"]
[Date "2020.04.27"]
[Round "1"]
[White "Gross, Lukas"]
[Black "Li, Tobias"]
[Result "0-1"]
[ECO "A04"]
[WhiteElo "1140"]
[BlackElo "1327"]
[PlyCount "156"]
[EventDate "2020.??.??"]
[TimeControl "600"]
[WhiteClock "0:05:18"]
[BlackClock "0:04:32"]

1. g3 e5 2. Bg2 Nc6 3. Nf3 Nf6 4. O-O Bc5 5. e3 O-O 6. c3 d6 7. d4 Bb6 8. dxe5 dxe5 9. Nfd2 Bd7 10. Nf3 Bg4 11. h3 Qxd1 12. Rxd1 Bh5 13. g4 Bg6 14. b3 h6 15. Ba3 Rfe8 16. g5 hxg5 17. Nxg5 Bh5 18. Re1 Rad8 19. c4 Rd2 20. Nxd2 Rd8 21. Nb1 Nh7 22. Nc3 Nxg5 23. Nd5 Nf3+ 24. Bxf3 Bxf3 25. Nc3 a6 26. b4 Na5 27. bxa5 Bxa5 28. Rec1 Rd3 29. Nd1 Rxa3 30. Nb2 Bc3 31. Rxc3 Rxc3 32. a4 Rc2 33. Nd3 Bc6 34. Rf1 Rxc4 35. Nxe5 Rxa4 36. Nxc6 bxc6 37. Rd1 Rh4 38. Kg2 Re4 39. Rd8+ Kh7 40. Rc8 Rb4 41. Rxc7 Rb8 42. Rxc6 Ra8 43. Kg3 f6 44. Kg4 Kg6 45. Kg3 a5 46. Rc1 a4 47. Ra1 a3 48. h4 Kf5 49. f3 Ke5 50. f4+ Ke4 51. Kf2 Kd3 52. Rd1+ Kc2 53. Ke2 a2 54. Rd2+ Kb3 55. Rd3+ Kc4 56. Rd4+ Kc5 57. Rd1 a1=Q 58. Rxa1 Rxa1 59. Kf3 Rh1 60. Kg4 Rg1+ 61. Kh5 Re1 62. Kg6 Rxe3 63. Kxg7 f5 64. h5 Rh3 65. Kg6 Kd6 66. h6 Kd5 67. Kg7 Ke4 68. h7 Kxf4 69. h8=Q Rxh8 70. Kxh8 Ke4 71. Kg7 f4 72. Kg6 f3 73. Kg5 f2 74. Kg4 f1=Q 75.
Kg3 Qf3+ 76. Kh2 Qg4 77. Kh1 Kf3 78. Kh2 Qg2# {[%emt 0:00:00] OnlyHungryKiwi won by checkmate} 0-1

[Event "Fast Chess"]
[Site "ChessKid.com"]
[Date "2020.04.27"]
[Round "2"]
[White "Li, Patrick"]
[Black "Georgiev, Maximilian"]
[Result "1/2-1/2"]
[ECO "B27"]
[WhiteElo "1109"]
[BlackElo "1401"]
[PlyCount "40"]
[EventDate "2020.??.??"]
[TimeControl "600"]
[WhiteClock "0:08:23"]
[BlackClock "0:07:45"]

1. e4 c5 2. Nf3 g6 3. Bc4 Bg7 4. Ng5 e6 5. Qf3 Nf6 6. O-O O-O 7. h3 Nc6 8. Nc3 Nd4 9. Qd3 Ne8 10. Nb5 Nxb5 11. Bxb5 Qxg5 12. Qb3 a6 13. d4 axb5 14. Bxg5 cxd4 15. Be7 Nf6 16. Bxf8 Kxf8 17. Qxb5 Nxe4 18. Rfe1 Nf6 19. Red1 Nh5 20. Rxd4 Bxd4 {[%emt 0:00:03] Game drawn by agreement}
1/2-1/2

[Event "Fast Chess"]
[Site "ChessKid.com"]
[Date "2020.04.27"]
[Round "3"]
[White "Georgiev, Maximilian"]
[Black "Li, Tobias"]
[Result "1-0"]
[ECO "A30"]
[WhiteElo "1408"]
[BlackElo "1326"]
[PlyCount "109"]
[EventDate "2020.??.??"]
[TimeControl "600"]
[WhiteClock "0:06:25"]
[BlackClock "0:07:04"]

1. c4 c5 2. g3 Nc6 3. Bg2 e5 4. e3 d6 5. Ne2 Nf6 6. O-O Be7 7. Nbc3 O-O 8.
a3 a6 9. d3 Bf5 10. e4 Bg6 11. Bg5 h5 12. b3 h4 13. Bxh4 Bh5 14. Bg5 Nd4 15.
Nxd4 Bxd1 16. Raxd1 exd4 17. Ne2 Re8 18. Nf4 Nd7 19. Bxe7 Qxe7 20. Nd5 Qd8 21. Bh3 Re5 22. Bxd7 Qxd7 23. h4 Qh3 24. Rfe1 Rae8 25. Nc7 Rc8 26. Nd5 b5 27. cxb5 axb5 28. a4 bxa4 29. bxa4 Ra8 30. Ra1 Qg4 31. Kg2 f5 32. exf5 Rxe1 33. Rxe1 Qxf5 34. Ne7+ Kf7 35. Nxf5 Rxa4 36. Nxd6+ Kf6 37. f4 Ra3 38. Rd1 Ra2+ 39. Kh3 Ra6 40. Ne4+ Kf5 41. Nxc5 Ra5 42. Nb3 Rb5 43. Nxd4+ Kf6 44. Nxb5 g5 45. hxg5+ Kg6 46. d4 Kh5 47. d5 Kg6 48. d6 Kf7 49. d7 Kg6 50. d8=Q Kf5 51. Rd5+ Ke4 52. Re5+ Kf3 53. Qd3+ Kf2 54. Re2+ Kf1 55. Qd1# {[%emt 0:00:01] TallSnazzyBall won by checkmate} 1-0

[Event "Fast Chess"]
[Site "ChessKid.com"]
[Date "2020.04.27"]
[Round "3"]
[White "Li, Patrick"]
[Black "Gross, Lukas"]
[Result "0-1"]
[ECO "B06"]
[WhiteElo "1102"]
[BlackElo "1148"]
[PlyCount "30"]
[EventDate "2020.??.??"]
[TimeControl "600"]
[WhiteClock "0:08:43"]
[BlackClock "0:07:44"]

1. e4 g6 2. Nf3 Bg7 3. Bc4 Nh6 4. Ng5 O-O 5. O-O e6 6. Nf3 d5 7. exd5 exd5 8. Bb5 b6 9. Re1 a6 10. Bd3 Re8 11. Rxe8+ Qxe8 12. Ng5 Bb7 13. Qe2 Qc6 14. Nc3 d4 15. Nb5 Qxg2# {[%emt 0:00:06] RosyPopularArm
won by checkmate} 0-1

[Event "Fast Chess"]
[Site "ChessKid.com"]
[Date "2020.04.28"]
[Round "1"]
[White "Georgiev, Maximilian"]
[Black "Sasse, Gabriel"]
[Result "1-0"]
[ECO "A02"]
[WhiteElo "1407"]
[BlackElo "1258"]
[Annotator "eingestellte Figuren"]
[PlyCount "95"]
[EventDate "2020.??.??"]
[TimeControl "300+50"]
[WhiteClock "0:05:40"]
[BlackClock "0:06:28"]

1. f4 e5 2. fxe5 Nc6 3. Nf3 Bc5 4. e3 Nh6 5. Be2 Qf6 $4 6. d4
$4 Qf5 7. dxc5 Nb4 8. O-O Nxc2 9. Nh4 Qe4 10. Bd3 Qxh4 11. Bxc2 Ng4 12. h3 Nxe5 13. b3 O-O 14. Bb2 Ng6 15. Qf3 d6 16. cxd6 cxd6 17. Ba3 Ne5 18. Qf4 Qxf4 19. exf4 Nd7 20. Bxd6 Re8 21. Nc3 Nb6 22. Rfe1 Rxe1+ 23. Rxe1 Bd7 24. Bd3 h6 25. a4 Be6 26. a5 Nd5 27. Bc4 Nxc3 28. Bxe6 Re8 29. Bxf7+ Kxf7 30. Rxe8 Kxe8 31. Be5 g6 32. Bxc3 Ke7 33. g4 Ke6 34. Bd4 a6 35. b4 Kd5 36. Bf2 Ke4 37. Bg3 Kf3 38.
Kh2 Ke3 39. f5 gxf5 40. gxf5 Ke4 41. f6 Kd4 42. f7 Kc4 43.
f8=Q Kb3 44. Qf3+ Kxb4 45. Kg2 Kxa5 46. Be1+ Ka4 47. Qc3 b5 48. Qb4# {[%emt 0:00:47] TallSnazzyBall won by checkmate} 1-0

[Event "Fast Chess"]
[Site "ChessKid.com"]
[Date "2020.04.28"]
[Round "1"]
[White "Xu, Yuening"]
[Black "Li, Tobias"]
[Result "1-0"]
[ECO "C50"]
[WhiteElo "1258"]
[BlackElo "1326"]
[Annotator "einzügiger Einsteller"]
[PlyCount "75"]
[EventDate "2020.??.??"]
[TimeControl "300+50"]
[WhiteClock "0:04:28"]
[BlackClock "0:04:09"]

1. e4 e5 2. Nf3 Nc6 3. Nc3 Nf6 4. Bc4 Bc5 5. O-O O-O 6. d3 d6 7. h3 h6 8. Bd2 Bd7 9. Qe2 Qe7 10. a3 a6 11. b4 Ba7 12. Be3 Bxe3 13.
Qxe3 Be6 14. Bxe6 Qxe6 15. d4 exd4 16. Nxd4 Rfe8 $4 17. Nxe6 Rxe6 18. Qf4 Nd4 19. Qd2 Nc6 20. Rfe1 Rd8 21.
Qd3 Rde8 22. Nd5 Nxd5 23. Qxd5 b5 24. Qxc6 f5 25. Qd5 Kh7 26. c3 fxe4 27. f3 Re5 28. Qd4 d5 29. fxe4 dxe4 30. Re3 c6 31. Rae1 R5e7 32. Rxe4 Rxe4 33. Rxe4 Rf8 34. Qc5 Kh8 35. Qxc6 Kg8 36. Qxa6 Rd8 37. Re1 Rd1 38. Rxd1 {[%emt 0:00:47] SlimPresentLaptop won by
resignation} 1-0

[Event "Fast Chess"]
[Site "ChessKid.com"]
[Date "2020.04.28"]
[Round "1"]
[White "Horvath, Alexander"]
[Black "Gross, Lukas"]
[Result "1-0"]
[ECO "B06"]
[WhiteElo "1309"]
[BlackElo "1142"]
[Annotator "Abzugsschach"]
[PlyCount "49"]
[EventDate "2020.??.??"]
[TimeControl "300+50"]
[WhiteClock "0:03:45"]
[BlackClock "0:02:04"]

1. e4 g6 2. Nc3 Bg7 3. Nf3 Nh6 4. d4 Ng4 5. h3 Nf6 6. e5 Nh5 7. Bd3 O-O 8. Be3 f6 9. exf6 Nxf6 10. Qd2 Ne8 11. O-O-O d5 12. Bh6 Bxh6 13. Qxh6 Nf6 14. Ng5 Nc6 15. Rde1 Nxd4 16. Nb5 Nc6 17. Ne6 Bxe6 18. Rxe6 Nb4 19. a3 Na2+ 20. Kb1 Nb4 21. axb4 d4 22. Rhe1 Nd5 23. Bc4 Nf4 24. Rxe7+ Kh8 25. Qxh7# {[%emt 0:00:46] KeenOrangeTeeth won by checkmate
} 1-0

[Event "Fast Chess"]
[Site "ChessKid.com"]
[Date "2020.04.28"]
[Round "2"]
[White "Xu, Yuening"]
[Black "Georgiev, Maximilian"]
[Result "1-0"]
[ECO "B27"]
[WhiteElo "1292"]
[BlackElo "1396"]
[Annotator "Königsangriff, Röntgenangriff"]
[PlyCount "185"]
[EventDate "2020.??.??"]
[TimeControl "300+50"]
[WhiteClock "0:04:55"]
[BlackClock "0:02:37"]

1. e4 c5 2. Nc3 g6 3. Nf3 Bg7 4. d4 cxd4 5. Nxd4 Bxd4 6. Qxd4 Nf6 7. e5 Nc6 8. Qe3 Ng4 9. Qe4 Ngxe5 10. Bf4 d6 11. O-O-O O-O 12. Bxe5 Nxe5 13. f4 Nc6 14. Bb5 Bf5 15. Qf3 Bd7 16. h3 a6 17. Bc4 b5 18. Bd5 Rc8 19. a3 Na7 20. Bb7 Rb8 21. Bd5 Rb6 22. Qf2 e6 23.
Be4 d5 24. Bd3 Re8 25. Rhe1 Rb7 26. g4 Nc6 27. h4 Ne7 28. h5 Qa8 29. hxg6 fxg6 30. Qh4 b4 31. axb4 Rxb4 32. Rf1 Qd8 33. Qg3 Qa5 34. f5 Qa1+ 35. Kd2 Qxb2 36. fxe6 Bxe6 37. Qf3 Rb3 38. Ne2 Ra3 39. Nf4 Qb4+ 40. Ke2 Rf8 41. Qe3 Bxg4+ 42. Kf2 Nf5 43. Qe5 Qc5+ 44. Ke1 Bxd1 45. Kxd1 Ne3+ 46. Ke2 Nxf1 47. Kxf1 h6 48. Bxg6 Qb5+ $4 49. Bd3 Qb1+ 50. Ke2 Qb8 $4 51. Qe3 $4 Rxf4 $4 52. Qe6+ Kh8 53. Qxh6+ Kg8 54. Qh7+ Kf8 55. Qh8+ Ke7 56. Qxb8 Rf8 57. Qe5+ Kf7 58. Qxd5+ Kg7 59. Qc5 Ra1 60. Qc3+ Kg8 61. Qxa1 Re8+ 62. Kd2 Rf8 63. Qxa6 Rf2+ 64. Kc3 Rf7 65. Qg6+ Rg7 66. Qe6+ Kh8 67. Qe8+ Rg8 68. Qh5+ Kg7 69. Qh7+ Kf8 70. Bc4 Rg3+ 71. Kd4 Rg7 72. Qf5+ Ke8 73. Qe6+ Kd8 74. Qf6+ Re7 75. Qd6+ Rd7 76. Qxd7+ Kxd7 77. Bb5+ Kd6 78. c4 Kc7 79. c5 Kb7 80. c6+ Kc7 81. Kd5 Kd8 82. Kd6 Kc8 83. Ba6+ Kd8 84. c7+ Ke8 85. c8=Q+ Kf7 86. Bc4+ Kf6 87. Qe6+ Kg5 88. Ke5 Kh4 89. Kf4 Kh5 90. Qg4+ Kh6 91. Kf5 Kh7 92. Kf6 Kh8 93. Qg7# {[%emt 0:00:47] SlimPresentLaptop won by checkmate}
1-0

[Event "Fast Chess"]
[Site "ChessKid.com"]
[Date "2020.04.28"]
[Round "2"]
[White "Li, Patrick"]
[Black "Horvath, Alexander"]
[Result "0-1"]
[ECO "C50"]
[WhiteElo "1060"]
[BlackElo "1313"]
[PlyCount "56"]
[EventDate "2020.??.??"]
[TimeControl "300+50"]
[WhiteClock "0:02:08"]
[BlackClock "0:04:33"]

1. e4 e5 2. Nf3 Nf6 3. Nc3 Nc6 4. Bc4 h6 5. O-O Bc5 6. h3 d6 7. d3 Nd4 8. Nxd4 exd4 9. Nd5 Nxd5 10. Bxd5 c6 11. Bc4 d5 12. exd5 cxd5 13.
Bb3 Be6 14. Re1 O-O 15. Qf3 b6 16. Qg3 Bd6 17. Qf3 Qc7 18.
g3 Bxh3 19. Bxd5 Rae8 20. Rxe8 Rxe8 21. Bc6 Re6 22. Bd5 Rf6 23. Qh5 Be6 24. Bxe6 Rxe6 25. Qg4 Qxc2 26. Qxd4 Re1+ 27. Kg2 Qc6+ 28. Kh2 Qh1# {[%emt 0:00:51] KeenOrangeTeeth won by
checkmate} 0-1

[Event "Fast Chess"]
[Site "ChessKid.com"]
[Date "2020.04.28"]
[Round "2"]
[White "Li, Tobias"]
[Black "Sasse, Gabriel"]
[Result "1-0"]
[ECO "C50"]
[WhiteElo "1333"]
[BlackElo "1252"]
[PlyCount "37"]
[EventDate "2020.??.??"]
[TimeControl "300+50"]
[WhiteClock "0:05:27"]
[BlackClock "0:05:18"]

1. e4 e5 2. Nf3 Nc6 3. Nc3 Bc5 4. Bc4 h5 5. O-O Nf6 6. d3 Ng4 7. h3 Nxf2 8. Rxf2 Bxf2+ 9. Kxf2 O-O 10. Bg5 Qe8 11. Qe2 a6 12. a3 b5 13. Bd5 g6 14. Bh6 Nd4 15. Nxd4 exd4 16. Na2 Qe7 17. Bxf8 Qf6+ 18. Kg1 Kxf8 19. Bxa8 {[%emt 0:00:48]
OnlyHungryKiwi won by resignation} 1-0

[Event "Fast Chess"]
[Site "ChessKid.com"]
[Date "2020.04.28"]
[Round "3"]
[White "Horvath, Alexander"]
[Black "Xu, Yuening"]
[Result "1-0"]
[ECO "C55"]
[WhiteElo "1321"]
[BlackElo "1273"]
[PlyCount "51"]
[EventDate "2020.??.??"]
[TimeControl "300+50"]
[WhiteClock "0:04:28"]
[BlackClock "0:04:06"]

1. e4 e5 2. Nf3 Nc6 3. Nc3 Nf6 4. Bc4 Nxe4 5. Nxe4 d5 6.
Bxd5 Qxd5 7. Nc3 Qd8 8. d3 Bb4 9. Bg5 f6 10. a3 Bc5 11. Be3 Bxe3 12. fxe3 Bg4 13. O-O Qd7 14. Qd2 Qf5 15. e4 Qh5 16. Nd5 O-O-O 17. a4 a6 18. b4 g5 19. b5 axb5 20. axb5 Nd4 21. b6 Nxf3+ 22. gxf3 Bxf3 23. bxc7 Qg4+ 24. Kf2 Qg2+ 25. Ke1 Rd7 26. Ra8# {
[%emt 0:00:57] KeenOrangeTeeth won by checkmate} 1-0